 Dungeon Crawl Stone Soup version 0.21.0-24-g2553a33 (webtiles) character file.

2675371 Suckerboh the Archmage (level 27, 156/180 HPs)
             Began as a Deep Elf Fire Elementalist on Jan 20, 2018.
             Was the Champion of Vehumet.
             Escaped with the Orb
             ... and 5 runes on Jan 21, 2018!
             The game lasted 07:42:46 (111255 turns).

Suckerboh the Archmage (DEFE)                     Turns: 111255, Time: 07:42:47

Health: 156/180    AC: 27    Str:  8    XL:     27
Magic:  62/83      EV: 32    Int: 30    God:    Vehumet [******]
Gold:   9271       SH: 11    Dex: 21    Spells: 2/80 levels left

rFire    + + .     SeeInvis .   a - +5 falchion "Baruj" {drain, rElec rF+ rC+}
rCold    + + +     Gourm    .   f - +3 buckler {AC+3}
rNeg     + + .     Faith    .   s - +1 faerie dragon scales {rN+ rCorr Dex+3}
rPois    +         Spirit   .   Z - +2 hat
rElec    +         Reflect  .   J - +2 cloak {rPois}
rCorr    +         Harm     .   S - +2 pair of gloves of Lazaymuh {rF+}
MR       ++++.                  P - +2 pair of boots "Ocecow" {Regen+ MP+9 Str+5}
Stlth    +++.......             e - amulet "Peentamn" {RegenMP rC+++ rN+ MR+ Int-4}
HPRegen  0.80/turn              L - ring of Vehumet's Generosity {MR+ MP+9}
MPRegen  0.73/turn              U - ring "Eshot" {rC+ MP+9 EV+2 Dex+3}

@: deflect missiles
A: beak, horns 1, yellow scales 1, weak 1
0: Orb of Zot
}: 5/15 runes: decaying, serpentine, slimy, silver, obsidian
a: Renounce Religion


You escaped.
You worshipped Vehumet.
Vehumet was exalted by your worship.
You were not hungry.

You visited 15 branches of the dungeon, and saw 73 of its levels.
You completed 1 ziggurat, and saw 27 of its levels.
You also visited: Labyrinth, Ossuary and Ice Cave.

You collected 11083 gold pieces.
You spent 1812 gold pieces at shops.

Inventory:

Hand Weapons
 a - the +5 falchion "Baruj" (weapon) {drain, rElec rF+ rC+}
   (You found it on level 3 of the Elven Halls)

   A truly terrible weapon, it drains the life of those it strikes.
   It protects you from fire.
   It protects you from cold.
   It insulates you from electricity.
Armour
 f - a +3 buckler of protection (worn)
 n - a +2 pair of boots of running
 s - the +1 faerie dragon scales (worn) {rN+ rCorr Dex+3}
   (You took it off the Enchantress on level 2 of the Depths)

   It affects your dexterity (+3).
   It protects you from negative energy.
   It protects you from acid and corrosion.
 C - a +2 pair of boots of flying
 I - a +2 buckler of positive energy
 J - a +2 cloak of poison resistance (worn)
 P - the +2 pair of boots "Ocecow" (worn) {Regen+ MP+9 Str+5}
   (You found it on level 27 of a ziggurat)

   It affects your strength (+5).
   It affects your magic capacity (+9).
   It increases your rate of regeneration.
 Q - the +0 buckler of Qicuag {rElec rCorr}
   (You found it on level 3 of the Elven Halls)

   It insulates you from electricity.
   It protects you from acid and corrosion.
 S - the +2 pair of gloves of Lazaymuh (worn) {rF+}
   (You found it on level 13 of a ziggurat)

   It protects you from fire.
 Z - a +2 hat (worn)
Magical Staves
 V - an uncursed staff of fire
 X - an uncursed staff of cold
Jewellery
 b - the ring of Robustness {AC+8}
   (You found it on level 23 of a ziggurat)

   [ring of protection]

   It affects your AC (+8).
 e - the amulet "Peentamn" (around neck) {RegenMP rC+++ rN+ MR+ Int-4}
   (You found it on level 3 of the Crypt)

   [amulet of magic regeneration]

   It increases your magic regeneration.
   It affects your intelligence (-4).
   It renders you almost immune to cold.
   It protects you from negative energy.
   It affects your resistance to hostile enchantments.
 q - the ring of Jofug {rPois rC+}
   (You bought it in a shop on level 11 of the Dungeon)

   [ring of poison resistance]

   It protects you from cold.
   It protects you from poison.
 v - the amulet of Vitality {Regen+ HP+15}
   (You found it on level 2 of the Swamp)

   [amulet of regeneration]

   It affects your health (+15).
   It increases your rate of regeneration.
 B - the ring "Xaitool" {rF+ rN+}
   (You found it on level 3 of the Crypt)

   [ring of positive energy]

   It protects you from fire.
   It protects you from negative energy.
 D - the ring of Sedotis {MP+9 SInv Stlth+}
   (You found it on level 24 of a ziggurat)

   [ring of stealth]

   It affects your magic capacity (+9).
   It lets you see invisible.
   It makes you more stealthy.
 L - the ring of Vehumet's Generosity (left hand) {MR+ MP+9}
   (You acquired it on level 3 of the Depths)

   [ring of magical power]

   It affects your resistance to hostile enchantments.
   It affects your magic capacity (+9).
 U - the ring "Eshot" (right hand) {rC+ MP+9 EV+2 Dex+3}
   (You found it on level 22 of a ziggurat)

   [ring of evasion]

   It affects your evasion (+2).
   It affects your dexterity (+3).
   It protects you from cold.
   It affects your magic capacity (+9).
Wands
 F - a wand of digging (91)
 H - a wand of iceblast (91)
 T - a wand of acid (11)
Scrolls
 d - 43 scrolls of remove curse
 g - 3 scrolls of holy word
 i - 26 scrolls of teleportation
 j - 10 scrolls of fear
 l - 16 scrolls of blinking
 o - 8 scrolls of enchant armour
 x - 17 scrolls of magic mapping
 y - 17 scrolls of amnesia
 E - 9 scrolls of fog
 M - 2 scrolls of summoning
 O - 19 scrolls of identify
Potions
 h - 6 potions of magic
 m - 11 potions of curing
 p - 17 potions of mutation
 r - 10 potions of agility
 t - 2 potions of heal wounds
 u - a potion of ambrosia
 w - 3 potions of resistance
 G - 4 potions of cancellation
 K - 12 potions of brilliance
 W - 10 potions of haste
Books
 N - a book of Battle

   Spells                             Type                      Level
   a - Infusion                       Charms                       1
   b - Shroud of Golubria             Charms/Translocation         2
   c - Song of Slaying                Charms                       2
   d - Spectral Weapon                Hexes/Charms                 3
   e - Regeneration                   Charms/Necromancy            3
 Y - a book of the Warp

   Spells                             Type                      Level
   a - Gell's Gravitas                Translocation                3
   b - Portal Projectile              Hexes/Translocation          3
   c - Force Lance                    Conjuration/Translocation    4
   d - Dispersal                      Translocation                6
   e - Controlled Blink               Translocation                8
   f - Disjunction                    Translocation                8
Miscellaneous
 k - a phial of floods
 z - a crystal ball of energy
 A - 13 phantom mirrors
 R - a lamp of fire
Comestibles
 c - 56 rations


   Skills:
 * Level 20.7 Fighting
 - Level 0.2 Long Blades
 - Level 12.0 Staves
 + Level 11.5 Armour
 * Level 22.7 Dodging
 - Level 17.0 Stealth
 + Level 12.1 Shields
 O Level 27 Spellcasting
 * Level 25.3 Conjurations
 - Level 13.2 Charms
 - Level 17.0 Necromancy
 * Level 7.7 Translocations
 - Level 18.1 Fire Magic
 O Level 27 Ice Magic
 - Level 4.0 Air Magic
 O Level 27 Earth Magic
 - Level 18.5 Evocations


You had 2 spell levels left.
You knew the following spells:

 Your Spells              Type           Power        Failure   Level  Hunger
a - Flame Tongue          Conj/Fire      #####        0%          1    None
b - Conjure Flame         Conj/Fire      ########     0%          3    None
c - Sticky Flame          Conj/Fire      ########     0%          4    None
d - Fireball              Conj/Fire      ########..   0%          5    None
e - Shock                 Conj/Air       ####         0%          1    None
f - Mephitic Cloud        Conj/Pois/Air  #######.     1%          3    None
g - Apportation           Tloc           ######       1%          1    None
h - Iskenderun's Battles  Conj/Chrm      ########     0%          5    None
i - Iron Shot             Conj/Erth      ########..   0%          6    None
j - Ignition              Fire           #######...   1%          8    ##.....
k - Sublimation of Blood  Necr           #######...   0%          2    None
l - Glaciate              Conj/Ice       ########..   1%          9    ####...
m - Deflect Missiles      Chrm/Air       #######...   4%          6    None
n - Iskenderun's Mystic   Conj           ########     0%          4    None
o - Blink                 Tloc           N/A          1%          2    None
p - Shatter               Erth           ########..   1%          9    ####...
q - Bolt of Fire          Conj/Fire      ########..   1%          6    None
r - Regeneration          Chrm/Necr      #######...   0%          3    None


Dungeon Overview and Level Annotations

Branches:
Dungeon (15/15)            Temple (1/1) D:5            Lair (6/6) D:9
  Swamp (4/4) Lair:4        Snake (4/4) Lair:2        Slime (5/5) Lair:5
    Orc (2/2) D:10            Elf (3/3) Orc:2        Vaults (5/5) D:13
  Crypt (3/3) Vaults:2       Tomb (0/3) Crypt:3      Depths (5/5) D:15
   Hell (1/1)                 Dis (0/7) Hell            Geh (7/7) Hell
    Coc (0/7) Hell            Tar (7/7) Hell            Zot (5/5) Depths:5

Altars:
Ashenzari
Cheibriados
Dithmenos
Fedhas
Gozag
Hepliaklqana
Kikubaaqudgha
Makhleb
Okawaru
Qazlal
Ru
Sif Muna
Trog
Uskayaw
Vehumet
Wu Jian
Xom
Yredelemnul
Zin
Beogh

Shops:
D:5 (   D:6 [   D:11 =   Orc:2 (}?[   Elf:1 !   Elf:2 *   Snake:3 *
Vaults:2 *   Vaults:3 (   Vaults:4 :   Depths:1 =   Depths:2 =}=

Portals:
Hell: Depths:1 Depths:2 Depths:3 Depths:4 Depths:5
Abyss: Depths:1 Depths:4
Pandemonium: Depths:3 Depths:4 Depths:5

Annotations:
Tar:6 17 runed doors


Innate Abilities, Weirdness & Mutations

You have a beak for a mouth.
You have a pair of small horns on your head.
You are partially covered in yellow scales. (AC +2)
You are weak. (Str -2)


Message History

The iron shot hits the Executioner.
The Executioner is severely wounded.
The Executioner completely misses you.
The Executioner hits you but does no damage.
The Executioner hits you. The Executioner barely misses you.
The Executioner misses you. The Executioner hits you.
You block the Executioner's attack. The Executioner barely misses you. x2
Casting: Iron Shot
Confirm with . or Enter, or press ? or * to list all spells.
Aiming: Iron Shot
Press: ? - help, Shift-Dir - straight line, f/p - Executioner
Aim: an Executioner (severely wounded, fast)
The iron shot hits the Executioner.
You kill the Executioner!
Vehumet accepts your kill.
You feel your power returning.
Your lamp of fire has recharged.
There is a staircase leading out of the dungeon here.
You start resting.
A neqoxec comes into view.
You have escaped!

.# #.##.#.#.##.....# #.#.##.# ##
#.##.#...##.....# #.#.##.#
#####.##.....##.....######.......
......##.....##.................#
......##.....##.....#.######....#
......##.....##..................
......##.....##.#..#...#######...
.......##....#..)..#...#.)...#..#
####...##....#..@......'.....#..#
#...#..3.....)..##.##.....#.## ##
#...##....###)#.##.####'###.# .#
#...#..........##...##......# .#
#...##.........##...##......# .#
#...#####.###.#.##.####'###.# ##
##'## #.#.....##.##.....#.# #.#
#.#.........'..>..#.## #.#
#.#...[.#...#.....#.#.


You could see a neqoxec.

Vanquished Creatures
  Asmodeus (Geh:7)
  the Royal Jelly (Slime:5)
  15 ancient liches
  9 orbs of fire
  Boris (Depths:5)
  Bai Suzhen (Snake:4)
  13 Killer Klowns
  2 curse toes
  Geryon (Hell)
  Saint Roka (Snake:2)
  A caustic shrike (shapeshifter) (Zig:19)
  18 golden dragons
  Nikola (Vaults:3)
  A profane servitor (Zig:27)
  the Enchantress (Depths:2)
  7 bone dragons
  9 pandemonium lords
  17 Tzitzimimeh
  6 doom hounds
  5 electric golems
  Jorgrun (Depths:5)
  16 Brimstone Fiends
  29 tentacled monstrosities
  15 liches
  28 Orb Guardians
  2 Ice Fiends
  Asterion (Snake:4)
  11 titans
  3 deep elf blademasters
  22 acid blobs
  8 quicksilver dragons
  2 deep elf master archers
  An acid blob (shapeshifter) (Depths:5)
  The ghost of Rhok the Warrior, an adept GrEE of Vehumet (Snake:4)
  2 Executioners
  4 tentacled starspawn (Zig:27)
  Murray (Hell)
  9 death cobs
  7 ancient champions
  10 sphinxes
  A sphinx (shapeshifter) (Zig:4)
  A shadow dragon (shapeshifter) (Depths:5)
  A thorn hunter (Zig:15)
  17 storm dragons
  13 shadow dragons
  Kirke (Snake:4)
  12 azure jellies
  2 storm dragons (shapeshifter) (Depths:4)
  9 tengu reavers
  9 revenants
  10 draconian monks
  Roxanne (Elf:2)
  49 nagarajas
  An iron dragon (shapeshifter) (Vaults:5)
  8 deep elf sorcerers
  7 frost giants
  18 ghost moths
  17 fire giants
  Louise (Snake:2)
  6 iron dragons
  24 vault wardens
  A fire giant (shapeshifter) (Zig:19)
  13 balrugs
  An orc warlord (Elf:3)
  6 caustic shrike zombies
  5 draconian knights
  2 emperor scorpions (Zig:26)
  13 draconian scorchers
  3 cacodemons (Zig:27)
  Aizul (Snake:2)
  2 ghouls
  6 draconian annihilators
  3 curse skulls
  8 draconian stormcallers
  5 deep elf elementalists
  20 ironheart preservers
  7 draconian shifters
  5 juggernaut zombies
  2 spriggan defenders (Depths:2)
  23 stone giants
  40 reapers
  30 very ugly things
  A caustic shrike skeleton (Crypt:2)
  8 war gargoyles
  6 juggernaut skeletons
  Nessos (D:13)
  14 green draconians
  Azrael (Snake:2)
  A corrupter (Zig:27)
  11 vampire knights
  4 deep elf demonologists
  7 entropy weavers
  9 starcursed masses (Zig:27)
  15 yellow draconians
  10 black draconians
  12 deep elf annihilators
  12 red draconians
  3 lorocyprocas
  A dire elephant (D:15)
  A spark wasp (shapeshifter) (Vaults:5)
  13 white draconians
  10 eidola
  9 purple draconians
  13 merfolk javelineers
  A spectral kraken (Tar:7)
  17 spark wasps
  7 merfolk impalers
  21 ettins
  7 blizzard demons
  7 deep elf death magi
  7 death oozes
  8 green deaths
  17 yaktaur captains
  A minotaur (Lab)
  19 ogre magi
  A kraken zombie (Hell)
  10 deep elf high priests
  6 rakshasas
  11 jiangshi
  A crystal guardian (Depths:4)
  5 quicksilver dragon zombies
  8 fire dragons
  35 vault guards
  15 great orbs of eyes
  9 quicksilver dragon skeletons
  16 ice dragons
  3 hell beasts
  5 ghost crabs
  An ice dragon (shapeshifter) (Depths:4)
  11 spriggan air magi
  21 naga warriors
  30 hydras
  29 anacondas
  A juggernaut simulacrum (Depths:4)
  11 merfolk aquamancers
  An alligator snapping turtle (Zig:17)
  15 alligators
  14 centaur warriors
  A merfolk avatar (Zig:17)
  42 two-headed ogres
  22 dancing weapons
  3 death knights
  28 naga sharpshooters
  6 deep troll shamans
  37 hell hogs
  8 deep troll earth magi
  24 shock serpents
  8 vampire magi
  8 titan zombies
  4 satyrs
  3 spriggan berserkers
  A death yak (IceCv)
  6 thrashing horrors (Zig:27)
  2 storm dragon zombies
  13 sun demons
  2 shock serpents (shapeshifter)
  18 soul eaters
  20 deep elf knights
  10 small abominations
  7 wretched stars (Zig:27)
  2 orc high priests
  44 hell knights
  2 fire crabs
  4 shadow wraiths
  7 titan skeletons
  A sixfirhy (Zot:1)
  An iron troll (shapeshifter) (Zig:19)
  9 salamander mystics
  92 skeletal warriors
  3 anaconda zombies
  4 spatial maelstroms (Zig:27)
  18 large abominations
  5 iron trolls
  3 unseen horrors
  4 spriggan druids
  6 storm dragon skeletons
  4 glowing orange brains
  26 deep trolls
  9 sea snakes
  9 death drakes
  A sea snake (shapeshifter) (Vaults:5)
  3 golden dragon skeletons
  21 flayed ghosts
  An infernal demonspawn (Depths:5)
  2 unseen horrors (shapeshifter)
  A lindwurm (shapeshifter) (Zig:16)
  20 swamp dragons
  5 golden dragon zombies
  18 phantasmal warriors
  15 shadow demons
  6 shadow dragon zombies
  3 obsidian statues
  8 wizards
  4 sphinx zombies
  12 naga ritualists
  18 harpies
  13 ironbrand convokers
  12 shambling mangroves
  20 deep elf archers
  57 deep elf magi
  4 fire giant zombies
  20 necromancers
  5 tengu zombies
  6 iron dragon zombies
  An orb spider (shapeshifter) (Vaults:1)
  2 shadow dragon skeletons
  63 ugly things
  7 anaconda skeletons
  14 salamanders
  3 wolf spider zombies
  11 oklob plants
  9 manticores
  A shining eye (shapeshifter) (Zig:18)
  2 glowing shapeshifters (Zig:19)
  11 orb spiders (Zig:26)
  2 shining eyes
  18 mana vipers
  A sphinx skeleton (Zig:24)
  15 orc knights
  3 fauns (Zig:21)
  4 orc sorcerers
  3 tengu skeletons
  11 wolf spiders
  2 worldbinders (Zig:27)
  6 cyclopes
  3 frost giant zombies
  20 moths of wrath
  A titan simulacrum (Zig:27)
  4 stone giant zombies
  8 merfolk sirens
  15 vault sentinels
  14 guardian serpents
  Joseph (D:9)
  An elephant (shapeshifter) (Zig:16)
  2 shock serpent zombies
  73 black mambas
  5 iron dragon skeletons
  2 ice statues
  A black mamba (shapeshifter) (Vaults:3)
  2 water nymphs (shapeshifter)
  8 rust devils
  An eye of devastation (shapeshifter) (Depths:4)
  5 eyes of devastation
  5 apocalypse crabs
  39 naga magi
  An alligator snapping turtle zombie (Crypt:1)
  12 molten gargoyles (Geh:7)
  A dire elephant zombie (Tar:7)
  11 fire giant skeletons
  A spriggan zombie (Zig:24)
  30 spiny frogs
  9 water nymphs
  2 orange demons
  4 frost giant skeletons
  7 gargoyles
  14 smoke demons
  A dire elephant skeleton (Tar:3)
  4 torpor snails (Zig:26)
  5 elf zombies
  A catoblepas zombie (Geh:2)
  8 spectral swamp worms (Tar:7)
  A shock serpent skeleton (Crypt:2)
  2 kobold demonologists (D:11)
  An emperor scorpion zombie (Geh:7)
  33 hellions
  3 spriggan skeletons (Zig:25)
  2 redback zombies
  2 komodo dragons (Lair:1)
  51 yaktaurs
  22 freezing wraiths
  A rime drake (Lair:2)
  4 efreet
  3 yaktaurs (shapeshifter)
  7 ancient zymes (Zig:27)
  12 demonic crawlers (Zig:26)
  14 ice devils
  23 tormentors
  An anaconda simulacrum (Hell)
  A queen bee (shapeshifter) (Vaults:1)
  2 tengu conjurers
  6 trolls
  A golden dragon simulacrum (Tar:5)
  7 hydra zombies
  24 red devils
  A hellwing (Zig:27)
  10 tyrant leeches
  A harpy zombie (Tar:7)
  5 silent spectres
  12 jumping spiders
  6 wind drakes
  36 merfolk
  2 harpy skeletons
  28 polar bears
  7 raiju
  37 blink frogs
  44 hornets
  2 ice dragon zombies
  A wolf spider simulacrum (Hell)
  15 bog bodies
  124 slime creatures
  4 dream sheep (Lair:6)
  A blink frog (shapeshifter) (Vaults:3)
  A minotaur skeleton (Crypt:1)
  7 snapping turtles
  A stone giant simulacrum (Depths:2)
  2 alligator zombies
  3 hydra skeletons
  An ice dragon skeleton (Tar:2)
  4 ettin zombies
  4 fire dragon zombies
  5 hippogriffs
  2 hippogriffs (shapeshifter)
  29 redbacks
  27 shadows
  Sigmund (D:2)
  18 air elementals
  An ettin skeleton (Tar:4)
  A spriggan (shapeshifter) (Zig:27)
  75 flying skulls
  2 black mamba zombies
  4 ynoxinuls (Zig:27)
  16 fire dragon skeletons
  18 water elementals
  6 vampires (Crypt:3)
  A redback (shapeshifter) (Depths:1)
  10 spriggans
  9 tarantellas
  39 wraiths
  12 wyverns
  61 yaks
  36 fire elementals
  A yak (shapeshifter) (Vaults:1)
  7 hogs
  3 golden eyes
  2 basilisks
  3 chaos spawn
  A steam dragon (shapeshifter) (Elf:3)
  11 hungry ghosts
  An emperor scorpion simulacrum (Tar:4)
  17 vampire mosquitoes
  A neqoxec (Zig:27)
  22 swamp worms
  A soldier ant (shapeshifter) (Zig:27)
  A swamp worm (shapeshifter) (D:15)
  3 insubstantial wisps
  9 wargs
  62 nagas
  A merfolk zombie (Crypt:2)
  A soldier ant (D:13)
  An acid dragon (Vaults:2)
  17 water moccasins
  A hydra simulacrum (Hell)
  59 hell hounds
  2 merfolk skeletons
  5 spiny frog zombies
  9 porcupines
  2 floating eyes
  31 orc warriors
  3 spiny frog skeletons
  4 swamp dragon zombies
  A black bear (shapeshifter) (Vaults:3)
  12 black bears
  15 swamp drakes
  7 ice beasts
  7 sky beasts
  An ettin simulacrum (Tar:3)
  61 ogres
  5 eyes of draining
  4 phantoms
  4 snapping turtle zombies
  A manticore zombie (Geh:7)
  23 necrophages
  An ogre (shapeshifter) (Depths:4)
  5 snapping turtle skeletons
  45 wolves
  17 boggarts
  15 centaurs
  A swamp dragon skeleton (Crypt:3)
  11 crocodiles
  6 big kobolds
  10 elf skeletons
  A big kobold (shapeshifter) (Zig:19)
  19 bullfrogs
  7 earth elementals
  A wyvern zombie (D:15)
  2 cyclops skeletons (Crypt:1)
  5 water moccasin zombies (Ossuary)
  3 scorpions
  11 killer bees
  61 wights
  A troll skeleton (Geh:4)
  6 electric eels
  A polar bear skeleton (Crypt:1)
  A howler monkey (D:13)
  4 centaur zombies
  7 jellies
  3 quasits
  18 crimson imps
  A bullfrog zombie (D:12)
  14 hounds
  Crazy Yiuf (D:4)
  A bullfrog skeleton (D:7)
  7 centaur skeletons
  19 orc priests
  5 iron imps
  5 iguanas
  22 orc wizards
  A porcupine zombie (Crypt:2)
  12 hell rats (Hell)
  A lightning spire (Zig:8)
  13 worker ants
  2 naga zombies
  A demigod zombie (Crypt:2)
  A big kobold zombie (Ossuary)
  An ogre skeleton (Geh:4)
  A dwarf zombie (Crypt:2)
  A human simulacrum (Hell)
  A hound skeleton (D:7)
  2 mummies (Ossuary)
  A worker ant zombie (D:5)
  10 adders
  7 gnolls
  22 shadow imps
  21 white imps
  An ooze (shapeshifter) (Vaults:1)
  11 oozes
  7 adder zombies
  A halfling zombie (Crypt:2)
  2 adder skeletons
  6 worms
  3 dart slugs (D:1)
  2 leopard geckos
  73 orcs
  3 ball pythons
  7 giant cockroaches
  A gnoll zombie (Ossuary)
  2 goblins
  10 hobgoblins
  3 jackals (D:6)
  36 kobolds
  4 quokkas
  7 bats
  2 frilled lizards
  3 hobgoblin zombies (Ossuary)
  5 kobold zombies (Ossuary)
  2 leopard gecko skeletons
  A leopard gecko zombie (D:8)
  10 orc zombies (Ossuary)
  A quokka zombie (Crypt:2)
  6 rats
  45 blocks of ice
  11 briar patches (Zig:15)
  7 bushes
  3 crawling corpses
  A fire vortex (Geh:6)
  3 fungi (Depths:2)
  6 plants
  5 starspawn tentacles (Zig:27)
  4 tentacles
  A withered plant (Crypt:3)
4639 creatures vanquished.

Vanquished Creatures (others)
  An eldritch tentacle (Zig:19)
  A shadow dragon (Zot:5)
  A war gargoyle (Hell)
  2 spriggan air magi
  A thrashing horror (Zig:27)
  A sun demon (Geh:7)
  A deep elf knight (Vaults:3)
  A sixfirhy (Zot:5)
  A phantasmal warrior (Vaults:5)
  An anaconda skeleton (Geh:7)
  An ugly thing (Vaults:3)
  A fire giant zombie (Geh:7)
  2 moths of wrath
  A shock serpent zombie (Geh:6)
  An ettin zombie (Geh:7)
  A flying skull (Geh:4)
  4 yaks (IceCv)
  A wolf (IceCv)
  A boggart (Depths:2)
  A human skeleton (Geh:2)
  3 shadow imps
  An orc zombie (Ossuary)
  162 blocks of ice
  2 bushes (Zig:21)
  A fire vortex (Geh:4)
  16 fungi
  34 plants
  22 tentacles
  7 toadstools (D:3)
  30 withered plants (Crypt:3)
303 creatures vanquished.

Grand Total: 4942 creatures vanquished

Notes
Turn   | Place    | Note
-------+----------+-------------------------------------------
     0 | D:1      | Suckerboh the Deep Elf Fire Elementalist began the quest for the Orb.
     0 | D:1      | Reached XP level 1. HP: 10/10 MP: 6/6
   173 | D:1      | Reached XP level 2. HP: 15/15 MP: 4/8
   839 | D:1      | Reached XP level 3. HP: 18/19 MP: 3/9
  1428 | D:2      | Found an opulent altar of Gozag.
  1452 | D:2      | Noticed Sigmund
  1561 | D:2      | Noticed a moth of wrath
  1564 | D:2      | Found a bloodstained altar of Trog.
  1877 | D:2      | Reached XP level 4. HP: 21/24 MP: 4/11
  1917 | D:2      | Learned a level 3 spell: Conjure Flame
  1922 | D:2      | Learned a level 4 spell: Sticky Flame
  1971 | D:2      | Killed Sigmund
  1971 | D:2      | Reached XP level 5. HP: 23/28 MP: 5/13
  2665 | D:3      | Reached XP level 6. HP: 28/32 MP: 6/14
  2706 | D:3      | Reached skill level 5 in Fire Magic
  3136 | D:3      | Reached skill level 5 in Spellcasting
  4075 | D:4      | Found a runed door.
  4079 | D:4      | Noticed Crazy Yiuf
  4083 | D:4      | Killed Crazy Yiuf
  4083 | D:4      | Reached skill level 5 in Conjurations
  4217 | D:4      | Reached XP level 7. HP: 37/37 MP: 9/17
  4618 | D:4      | Found a sacrificial altar of Ru.
  4618 | D:4      | Found a stormy altar of Qazlal.
  4652 | D:5      | Entered Level 5 of the Dungeon
  4890 | D:5      | Learned a level 5 spell: Fireball
  5194 | D:5      | Found a stormy altar of Qazlal.
  5203 | D:5      | Reached XP level 8. HP: 42/42 MP: 14/19
  5433 | D:5      | Found a staircase to the Ecumenical Temple.
  5444 | Temple   | Entered the Ecumenical Temple
  5509 | Temple   | Became a worshipper of Vehumet
  5642 | D:5      | Found Suyxzist's Weapon Emporium.
  6107 | D:6      | Found a sand-covered staircase.
  6159 | Ossuary  | Entered an ossuary
  6333 | Ossuary  | Reached * piety under Vehumet
  6333 | Ossuary  | Offered knowledge of Shock by Vehumet.
  6343 | Ossuary  | Learned a level 1 spell: Shock
  6790 | D:6      | Found Tiptulu's Antique Armour Shoppe.
  6800 | D:6      | Reached XP level 9. HP: 33/46 MP: 15/22
  6865 | D:6      | Bought an embroidered cloak for 202 gold pieces
  6965 | D:6      | Reached ** piety under Vehumet
  6965 | D:6      | Offered knowledge of Searing Ray by Vehumet.
  7230 | D:6      | Reached skill level 1 in Staves
  8169 | D:7      | Offered knowledge of Mephitic Cloud by Vehumet.
  8225 | D:7      | Learned a level 3 spell: Mephitic Cloud
  9002 | D:7      | Reached *** piety under Vehumet
  9009 | D:7      | Reached skill level 10 in Conjurations
  9302 | D:8      | Found a shattered altar of Ashenzari.
  9306 | D:8      | Found an opulent altar of Gozag.
  9713 | D:8      | Identified the Grimoire of Hexes
  9794 | D:8      | Reached XP level 10. HP: 51/51 MP: 20/25
  9867 | D:9      | Offered knowledge of Olgreb's Toxic Radiance by Vehumet.
 10200 | D:9      | Noticed a two-headed ogre
 10216 | D:9      | Killed a two-headed ogre
 10216 | D:9      | Reached skill level 10 in Spellcasting
 10631 | D:9      | Found a staircase to the Lair.
 10675 | D:9      | Noticed Joseph
 10905 | D:9      | Killed Joseph
 11085 | D:9      | Reached **** piety under Vehumet
 11290 | D:9      | Found a hazy altar of Hepliaklqana.
 11532 | D:10     | Entered Level 10 of the Dungeon
 11577 | D:10     | Paralysed by a hornet for 2 turns
 11578 | D:10     | Offered knowledge of Iskenderun's Battlesphere by Vehumet.
 11629 | D:10     | Learned a level 1 spell: Apportation
 11653 | D:10     | Found a staircase to the Orcish Mines.
 11794 | D:10     | Reached XP level 11. HP: 53/55 MP: 21/28
 12728 | D:10     | Learned a level 5 spell: Iskenderun's Battlesphere
 12731 | Orc:1    | Entered Level 1 of the Orcish Mines
 12739 | Orc:1    | Noticed an orc sorcerer
 12742 | Orc:1    | Reached skill level 1 in Translocations
 12986 | Orc:1    | Killed an orc sorcerer
 12986 | Orc:1    | Reached skill level 1 in Fighting
 12990 | Orc:1    | Noticed an orc high priest
 13000 | Orc:1    | Noticed an orc sorcerer
 13000 | Orc:1    | Killed an orc high priest
 13114 | D:10     | Reached skill level 10 in Fire Magic
 13374 | Orc:1    | Killed an orc sorcerer
 13515 | Orc:1    | Reached ***** piety under Vehumet
 13515 | Orc:1    | Reached skill level 5 in Dodging
 13642 | Orc:1    | Noticed an orc sorcerer
 13646 | Orc:1    | Killed an orc sorcerer
 13798 | Orc:1    | Found a roughly hewn altar of Beogh.
 13803 | Orc:1    | Noticed an orc knight
 13808 | Orc:1    | Killed an orc knight
 13808 | Orc:1    | Offered knowledge of Iron Shot by Vehumet.
 13831 | Orc:1    | Learned a level 6 spell: Iron Shot
 14308 | Orc:2    | Entered Level 2 of the Orcish Mines
 14308 | Orc:2    | Found a staircase to the Elven Halls.
 14449 | Orc:2    | Noticed an ettin
 15042 | Orc:2    | Killed an ettin
 15367 | Orc:2    | Noticed a two-headed ogre
 15374 | Orc:2    | Noticed a two-headed ogre
 15375 | Orc:2    | Killed a two-headed ogre
 15376 | Orc:2    | Noticed a two-headed ogre
 15378 | Orc:2    | Noticed a two-headed ogre
 15385 | Orc:2    | Killed a two-headed ogre
 15385 | Orc:2    | Reached XP level 12. HP: 60/60 MP: 23/31
 15411 | Orc:2    | Noticed a two-headed ogre
 15423 | Orc:2    | Killed a two-headed ogre
 15517 | Orc:2    | Noticed a two-headed ogre
 15521 | Orc:2    | Killed a two-headed ogre
 15533 | Orc:2    | Noticed a two-headed ogre
 15539 | Orc:2    | Killed a two-headed ogre
 15585 | Orc:2    | Noticed a two-headed ogre
 15592 | Orc:2    | Killed a two-headed ogre
 15833 | Orc:2    | Noticed an ogre mage
 15833 | Orc:2    | Noticed an ogre mage
 15836 | Orc:2    | Killed an ogre mage
 15840 | Orc:2    | Killed an ogre mage
 16015 | Orc:2    | Killed a two-headed ogre
 16128 | Orc:2    | Noticed an ogre mage
 16131 | Orc:2    | Killed an ogre mage
 16145 | Orc:2    | Noticed a two-headed ogre
 16154 | Orc:2    | Killed a two-headed ogre
 16307 | Orc:2    | Noticed a two-headed ogre
 16310 | Orc:2    | Noticed a two-headed ogre
 16310 | Orc:2    | Killed a two-headed ogre
 16314 | Orc:2    | Killed a two-headed ogre
 16314 | Orc:2    | Reached skill level 15 in Spellcasting
 16425 | Orc:2    | Noticed a two-headed ogre
 16428 | Orc:2    | Killed a two-headed ogre
 16538 | Orc:2    | Found Doraxur's Antique Weapon Shoppe.
 16538 | Orc:2    | Found Ponnak's Magic Scroll Boutique.
 16539 | Orc:2    | Noticed a two-headed ogre
 16539 | Orc:2    | Found Ylud's Antique Armour Emporium.
 16539 | Orc:2    | Found Aptir's Gadget Boutique.
 16544 | Orc:2    | Killed a two-headed ogre
 16697 | Orc:2    | Noticed an ogre mage
 16700 | Orc:2    | Killed an ogre mage
 16704 | Orc:2    | Killed a two-headed ogre
 16704 | Orc:2    | Reached XP level 13. HP: 65/65 MP: 10/34
 17108 | Orc:2    | Bought a scroll of identify for 30 gold pieces
 17108 | Orc:2    | Bought a scroll of teleportation for 45 gold pieces
 17108 | Orc:2    | Bought a scroll of enchant armour for 112 gold pieces
 17109 | Orc:2    | Bought a pair of embroidered boots for 217 gold pieces
 17109 | Orc:2    | Bought a shadowed robe for 165 gold pieces
 17137 | Orc:2    | Identified the cursed +1 robe of the Will of the Gods {rC++ Regen+ Int-5} (You bought it in a shop on level 2 of the Orcish Mines)
 17271 | Lair:1   | Entered Level 1 of the Lair of Beasts
 18345 | Lair:2   | Found a frozen archway.
 18402 | IceCv    | Entered an ice cave
 19270 | IceCv    | Identified the Tome of Moulding and the Oath
 19956 | IceCv    | Noticed a frost giant
 20115 | IceCv    | Killed a frost giant
 20308 | IceCv    | Identified Zullynyuw's Volume of Flames and the Frostbite
 20709 | Lair:2   | Found a staircase to the Snake Pit.
 20828 | Lair:2   | HP: 2/66 [black mamba (14)]
 21452 | Lair:3   | Reached XP level 14. HP: 71/71 MP: 20/37
 22648 | Lair:4   | Offered knowledge of Airstrike by Vehumet.
 22972 | Lair:4   | Reached skill level 15 in Conjurations
 24086 | Lair:4   | Found a staircase to the Swamp.
 24472 | Lair:5   | Found a staircase to the Slime Pits.
 25407 | Lair:6   | Entered Level 6 of the Lair of Beasts
 25470 | Lair:6   | Reached ****** piety under Vehumet
 25471 | Lair:6   | Offered knowledge of Bolt of Magma by Vehumet.
 26705 | Lair:6   | Reached skill level 5 in Fighting
 27324 | Lair:6   | Offered knowledge of Venom Bolt by Vehumet.
 28263 | Lair:6   | Reached XP level 15. HP: 82/82 MP: 25/40
 29280 | Elf:1    | Entered Level 1 of the Elven Halls
 29825 | Elf:1    | Offered knowledge of Ozocubu's Refrigeration by Vehumet.
 31063 | Elf:1    | Found Lituply's Distillery.
 31066 | Elf:1    | Bought a potion of heal wounds for 85 gold pieces
 31066 | Elf:1    | Bought a potion of haste for 170 gold pieces
 31575 | Elf:1    | Noticed a deep elf sorcerer
 31579 | Elf:1    | Killed a deep elf sorcerer
 32008 | D:10     | Identified 2 scrolls of acquirement
 32132 | D:11     | Found Zaunyzub's Jewellery Emporium.
 32224 | D:11     | Got a translucent scimitar
 32225 | D:11     | Identified the +5 scimitar "Serrak" {slice, +Blink Str-4 Int+4 Stlth+} (You found it on level 11 of the Dungeon)
 32251 | D:11     | Bought the ring of Jofug {rPois rC+} for 442 gold pieces
 32707 | D:12     | Found an opulent altar of Gozag.
 32783 | D:12     | Offered knowledge of Conjure Ball Lightning by Vehumet.
 32783 | D:12     | Reached skill level 10 in Dodging
 33736 | D:12     | Got a transparent ring mail
 33739 | D:12     | Identified the cursed +0 ring mail of Inference {Int+4} (You found it on level 12 of the Dungeon)
 33791 | D:13     | Noticed Nessos
 33795 | D:13     | Killed Nessos
 33868 | D:13     | Found a labyrinth entrance.
 33879 | Lab      | Entered a labyrinth
 34615 | Lab      | Identified the Grimoire of Shifting Boosts
 34615 | Lab      | Identified Jeitrag's Papyrus of Ashen Combat Magic
 34776 | D:13     | Reached XP level 16. HP: 92/92 MP: 39/43
 35015 | D:13     | Found a gate to the Vaults.
 36011 | D:14     | Offered knowledge of Spellforged Servitor by Vehumet.
 36117 | D:14     | Found a basalt altar of Yredelemnul.
 36995 | D:15     | Entered Level 15 of the Dungeon
 37327 | D:15     | Reached skill level 1 in Shields
 37714 | D:15     | Found a staircase to the Depths.
 38173 | Swamp:1  | Entered Level 1 of the Swamp
 39245 | Swamp:2  | Offered knowledge of Glaciate by Vehumet.
 39245 | Swamp:2  | Offered knowledge of Shatter by Vehumet.
 39245 | Swamp:2  | Offered knowledge of Ignition by Vehumet.
 39268 | Swamp:2  | Learned a level 8 spell: Ignition
 39275 | Swamp:2  | Found the amulet of Vitality {Regen+ HP+15}
 39660 | Swamp:2  | Learned a level 2 spell: Sublimation of Blood
 40521 | Swamp:3  | Reached XP level 17. HP: 100/100 MP: 24/44
 41450 | Swamp:4  | Entered Level 4 of the Swamp
 42899 | Swamp:4  | Got a decaying rune of Zot
 43131 | Snake:1  | Entered Level 1 of the Snake Pit
 43414 | Snake:1  | Reached skill level 10 in Fighting
 43459 | Snake:1  | Reached skill level 15 in Fire Magic
 44030 | Snake:1  | Got an ancient leather armour
 44033 | Snake:1  | Identified the cursed +0 leather armour of Fortitude {-Tele +Inv rElec rN+} (You found it on level 1 of the Snake Pit)
 44287 | Snake:2  | Noticed Louise
 44462 | Snake:2  | Noticed Aizul
 44470 | Snake:2  | Killed Aizul
 44674 | Snake:2  | Killed Louise
 44826 | Snake:2  | Got a scorched ring mail
 44828 | Snake:2  | Identified the +5 ring mail of Xaumotyb {rPois Str+4} (You found it on level 2 of the Snake Pit)
 44885 | Snake:2  | Noticed Saint Roka
 44886 | Snake:2  | Reached skill level 1 in Earth Magic
 44899 | Snake:2  | Killed Saint Roka
 45401 | Snake:2  | Noticed Azrael
 45647 | Snake:2  | Killed Azrael
 45658 | Snake:2  | Reached XP level 18. HP: 108/108 MP: 9/45
 46571 | Snake:3  | Found Zoajaysh's Assorted Antiques.
 46577 | Snake:3  | Bought a potion of mutation for 264 gold pieces
 47564 | Snake:4  | Entered Level 4 of the Snake Pit
 47656 | Snake:4  | Noticed Rhok's ghost (adept GrEE)
 47735 | Snake:4  | Noticed Kirke
 48426 | Snake:4  | Reached skill level 5 in Shields
 48598 | Snake:4  | Killed Rhok's ghost
 49310 | Snake:4  | Killed Kirke
 49441 | Snake:4  | Noticed Asterion
 49619 | Snake:4  | Killed Asterion
 50460 | Snake:4  | Reached XP level 19. HP: 115/115 MP: 23/46
 50896 | Snake:4  | Noticed Bai Suzhen
 50903 | Snake:4  | Killed Bai Suzhen
 51653 | Snake:4  | Got a serpentine rune of Zot
 51934 | Elf:2    | Reached skill level 1 in Necromancy
 52150 | Elf:2    | Reached skill level 1 in Charms
 52432 | Elf:2    | Noticed Roxanne
 52505 | Elf:2    | Found Raubb's General Store.
 52724 | Elf:3    | Entered Level 3 of the Elven Halls
 53823 | Elf:3    | Reached skill level 5 in Earth Magic
 54662 | Elf:3    | Found a roughly hewn altar of Beogh.
 54831 | Elf:3    | Reached XP level 20. HP: 121/121 MP: 28/48
 54980 | Elf:3    | Found the +5 pair of quick blades "Gyre" and "Gimble" {pierce, Dex-3}
 54996 | Elf:3    | Got a heavily runed jade amulet
 55004 | Elf:3    | Identified the amulet of Xom's Passing Interest {-Tele +Rage +Fly rElec Dex+3} (You found it on level 3 of the Elven Halls)
 55026 | Elf:3    | Got a faintly glowing turquoise ring
 55027 | Elf:3    | Identified the ring of Jealousy {-Tele Str+3 Int+4 Dex+3} (You found it on level 3 of the Elven Halls)
 55036 | Elf:3    | Got a warped buckler
 55048 | Elf:3    | Identified the cursed +0 buckler of Qicuag {rElec rCorr} (You found it on level 3 of the Elven Halls)
 55266 | Elf:3    | Learned a level 6 spell: Freezing Cloud
 55267 | Elf:3    | Got a twisted falchion
 55268 | Elf:3    | Identified the +5 falchion "Baruj" {drain, rElec rF+ rC+} (You found it on level 3 of the Elven Halls)
 55504 | Vaults:1 | Entered Level 1 of the Vaults
 55560 | Vaults:1 | Reached skill level 1 in Air Magic
 55714 | Vaults:1 | Reached skill level 1 in Ice Magic
 56100 | Vaults:1 | Reached skill level 5 in Charms
 57351 | Vaults:1 | Reached skill level 5 in Necromancy
 57867 | Vaults:2 | Found Heurug's Assorted Antiques.
 57927 | Vaults:2 | Bought a potion of heal wounds for 80 gold pieces
 58081 | Vaults:2 | Reached skill level 5 in Translocations
 58620 | Vaults:2 | Found a staircase to the Crypt.
 58620 | Vaults:2 | Found a basalt altar of Yredelemnul.
 58621 | Vaults:2 | Found an ancient bone altar of Kikubaaqudgha.
 59675 | Vaults:3 | Found Lynliula's Weapon Emporium.
 59788 | Vaults:3 | Noticed Nikola
 59789 | Vaults:3 | Reached XP level 21. HP: 126/126 MP: 33/49
 59797 | Vaults:3 | Killed Nikola
 61857 | Vaults:4 | Found Amugumid's Book Emporium.
 61887 | Vaults:4 | Reached skill level 1 in Evocations
 62065 | Vaults:4 | Reached skill level 5 in Ice Magic
 63173 | Depths:1 | Entered Level 1 of the Depths
 64125 | Depths:1 | Found a gateway to Hell.
 64299 | Depths:1 | Found a shattered altar of Ashenzari.
 64388 | Depths:1 | Found Jeech's Jewellery Boutique.
 64582 | Depths:1 | Found a one-way gate to the infinite horrors of the Abyss.
 64621 | Depths:2 | Reached XP level 22. HP: 57/132 MP: 35/51
 64939 | Depths:2 | Reached skill level 15 in Dodging
 65279 | Depths:2 | Found Taoplixa's Jewellery Shop.
 65279 | Depths:2 | Found Zuff's Gadget Shoppe.
 65280 | Depths:2 | Found Onluev's Jewellery Shop.
 65395 | Depths:2 | Learned a level 6 spell: Deflect Missiles
 65713 | Depths:2 | Reached skill level 10 in Charms
 65741 | Depths:2 | Noticed the Enchantress
 66799 | Depths:2 | Killed the Enchantress
 66867 | Depths:2 | Got faerie dragon scales
 66869 | Depths:2 | Identified the +1 faerie dragon scales {rN+ rCorr Dex+3} (You took it off the Enchantress on level 2 of the Depths)
 67823 | Depths:3 | Reached skill level 5 in Evocations
 68181 | Depths:3 | Reached skill level 10 in Earth Magic
 68181 | Depths:3 | Reached XP level 23. HP: 136/136 MP: 50/52
 68623 | Depths:3 | Got a translucent bronze ring
 68627 | Depths:3 | Identified the ring of Vehumet's Generosity {MR+ MP+9} (You acquired it on level 3 of the Depths)
 68716 | Depths:3 | Found a one-way gate leading to the halls of Pandemonium.
 69263 | Depths:4 | Reached skill level 1 in Armour
 70326 | Depths:4 | Got a warped trident
 70327 | Depths:4 | Identified the +6 trident "Kowix" {pierce, Str+2 Int+4 Dex+7} (You found it on level 4 of the Depths)
 71841 | Depths:5 | Entered Level 5 of the Depths
 71841 | Depths:5 | Noticed a juggernaut
 72604 | Depths:5 | Reached XP level 24. HP: 141/141 MP: 41/54
 72672 | Depths:5 | Noticed Boris
 72772 | Depths:5 | Killed Boris
 73271 | Depths:5 | Found a gate to the Realm of Zot.
 73614 | Depths:5 | Noticed Jorgrun
 73815 | Depths:5 | Killed Jorgrun
 73978 | Depths:5 | Found a gateway to a ziggurat.
 74190 | Depths:5 | Learned a level 4 spell: Iskenderun's Mystic Blast
 75071 | Crypt:1  | Entered Level 1 of the Crypt
 78092 | Crypt:3  | Entered Level 3 of the Crypt
 78689 | Crypt:3  | Found the +7 sceptre of Torment
 78868 | Crypt:3  | Found a staircase to the Tomb.
 79205 | Crypt:3  | Got a vibrating steel amulet
 79206 | Crypt:3  | Identified the amulet "Peentamn" {RegenMP rC+++ rN+ MR+ Int-4} (You found it on level 3 of the Crypt)
 79825 | Crypt:3  | Reached skill level 10 in Ice Magic
 80101 | Crypt:3  | Found an ancient bone altar of Kikubaaqudgha.
 80113 | Crypt:3  | Reached XP level 25. HP: 148/148 MP: 27/55
 80169 | Crypt:3  | Noticed an ancient lich
 80178 | Crypt:3  | Killed an ancient lich
 80368 | Crypt:3  | Got a transparent wooden ring
 80370 | Crypt:3  | Identified the ring "Xaitool" {rF+ rN+} (You found it on level 3 of the Crypt)
 80860 | Vaults:5 | Entered Level 5 of the Vaults
 80862 | Vaults:5 | Reached skill level 5 in Armour
 81026 | Vaults:5 | Noticed an ancient lich
 81208 | Vaults:5 | Reached skill level 27 in Spellcasting
 81636 | Vaults:5 | Reached skill level 10 in Evocations
 81830 | Vaults:5 | Killed an ancient lich
 82498 | Vaults:5 | Noticed an ancient lich
 82505 | Vaults:5 | Killed an ancient lich
 82879 | Vaults:5 | Found the +3 giant club "Skullcrusher" {speed, Str+7}
 83168 | Vaults:5 | Reached XP level 26. HP: 99/157 MP: 52/56
 83844 | Vaults:5 | Got a silver rune of Zot
 83916 | Vaults:4 | Learned a level 9 spell: Glaciate
 84233 | Slime:1  | Entered Level 1 of the Pits of Slime
 84601 | Zot:1    | Entered Level 1 of the Realm of Zot
 85172 | Zot:1    | Reached skill level 5 in Stealth
 85679 | Zot:1    | Reached skill level 15 in Fighting
 87004 | Zot:2    | Reached skill level 15 in Ice Magic
 87370 | Zot:2    | Reached XP level 27. HP: 166/166 MP: 52/56
 89098 | Zot:4    | Found a transporter.
 89104 | Zot:4    | Found a deep blue altar of Sif Muna.
 89560 | Zot:4    | Noticed an ancient lich
 89565 | Zot:4    | Noticed an ancient lich
 89569 | Zot:4    | Killed an ancient lich
 89572 | Zot:4    | Killed an ancient lich
 89580 | Zot:4    | Found a transporter.
 89599 | Zot:4    | Noticed an orb of fire
 89599 | Zot:4    | Gained mutation: You have a beak for a mouth. [an orb of fire]
 89966 | Zot:4    | Killed an orb of fire
 90058 | Zot:4    | Got a shimmering tin amulet
 90060 | Zot:4    | Identified the amulet of the Robin {Spirit Str+3 Int-2 SInv} (You found it on level 4 of the Realm of Zot)
 90154 | Zot:5    | Entered Level 5 of the Realm of Zot
 90986 | Zot:5    | Noticed an orb of fire
 90995 | Zot:5    | Gained mutation: You are weak. (Str -2) [an orb of fire]
 90998 | Zot:5    | Killed an orb of fire
 91257 | Zot:5    | Noticed an ancient lich
 91265 | Zot:5    | Killed an ancient lich
 91404 | Zot:5    | Noticed an ancient lich
 91408 | Zot:5    | Killed an ancient lich
 91487 | Zot:5    | Noticed an ancient lich
 91493 | Zot:5    | Killed an ancient lich
 91846 | Zot:5    | Noticed an orb of fire
 91846 | Zot:5    | Gained mutation: You are dopey. (Int -2) [an orb of fire]
 91851 | Zot:5    | Killed an orb of fire
 92002 | Zot:5    | Noticed an orb of fire
 92004 | Zot:5    | Noticed an orb of fire
 92008 | Zot:5    | Gained mutation: You are occasionally teleported next to monsters. [an orb of fire]
 92011 | Zot:5    | Gained mutation: You expend magic power (3 MP) to strengthen your wands. [an orb of fire]
 92017 | Zot:5    | Killed an orb of fire
 92018 | Zot:5    | Killed an orb of fire
 92385 | Zot:5    | Noticed an orb of fire
 92393 | Zot:5    | Killed an orb of fire
 92685 | Zot:5    | Noticed an orb of fire
 92688 | Zot:5    | Gained mutation: You are very dopey. (Int -4) [an orb of fire]
 92695 | Zot:5    | Killed an orb of fire
 92743 | Zot:5    | Noticed an orb of fire
 92749 | Zot:5    | Gained mutation: Your magical capacity is low. (-10% MP) [an orb of fire]
 92751 | Zot:5    | Killed an orb of fire
 93259 | Zot:5    | Noticed an orb of fire
 93263 | Zot:5    | Killed an orb of fire
 93551 | Zot:5    | Lost mutation: You are occasionally teleported next to monsters. [potion of mutation]
 93551 | Zot:5    | Lost mutation: You expend magic power (3 MP) to strengthen your wands. [potion of mutation]
 93551 | Zot:5    | Lost mutation: Your magical capacity is low. (-10% MP) [potion of mutation]
 93551 | Zot:5    | Lost mutation: You are weak. (Str -2) [potion of mutation]
 93551 | Zot:5    | Gained mutation: Your movements are slightly less encumbered by armour. (ER -2) [potion of mutation]
 93551 | Zot:5    | Gained mutation: Your flesh is cold resistant. (rC+) [potion of mutation]
 93551 | Zot:5    | Gained mutation: Armour fits poorly on your strangely shaped body. [potion of mutation]
 93551 | Zot:5    | Gained mutation: You are somewhat resistant to further mutation. [potion of mutation]
 93552 | Zot:5    | Lost mutation: You are very dopey. (Int -4) [potion of mutation]
 93552 | Zot:5    | Lost mutation: Your flesh is cold resistant. (rC+) [potion of mutation]
 93552 | Zot:5    | Lost mutation: You are dopey. (Int -2) [potion of mutation]
 93552 | Zot:5    | Lost mutation: Your movements are slightly less encumbered by armour. (ER -2) [potion of mutation]
 93553 | Zot:5    | Lost mutation: You are somewhat resistant to further mutation. [potion of mutation]
 93553 | Zot:5    | Lost mutation: Armour fits poorly on your strangely shaped body. [potion of mutation]
 93553 | Zot:5    | Gained mutation: You are partially covered in yellow scales. (AC +2) [potion of mutation]
 93553 | Zot:5    | Gained mutation: You have a pair of small horns on your head. [potion of mutation]
 94202 | Slime:5  | Entered Level 5 of the Pits of Slime
 94216 | Slime:5  | Noticed the Royal Jelly
 94344 | Slime:4  | Reached skill level 5 in Staves
 94551 | Slime:5  | Killed the Royal Jelly
 94606 | Slime:5  | Found the +11 plutonium sword {*Contam Stlth-}
 94624 | Slime:5  | Identified Sif Muna's Tome of Quantum Intoxication
 94721 | Slime:5  | Got a slimy rune of Zot
 94738 | Slime:5  | Got a twisted robe
 94739 | Slime:5  | Identified the +2 robe of Twilight {-Tele rN+++ Str+2 Stlth+} (You found it on level 5 of the Pits of Slime)
 94748 | Slime:5  | Got a dazzling rapier
 94749 | Slime:5  | Identified the +2 rapier of the Lamprey {pierce, rF+} (You found it on level 5 of the Pits of Slime)
 95102 | Hell     | Entered the Vestibule of Hell
 95102 | Hell     | Noticed Geryon
 95111 | Hell     | Killed Geryon
 95125 | Hell     | Reached skill level 10 in Staves
 95405 | Hell     | Noticed Murray
 95716 | Hell     | Killed Murray
 95955 | Hell     | Found a gateway to the decaying netherworld of Tartarus.
 96022 | Hell     | Found a gateway to the ashen valley of Gehenna.
 96092 | Hell     | Found a gateway to the Iron City of Dis.
 96167 | Hell     | Found a gateway to the freezing wastes of Cocytus.
 96173 | Hell     | Reached skill level 27 in Ice Magic
 96570 | Elf:2    | Killed Roxanne
 96947 | Tar:1    | Entered Level 1 of Tartarus
 98406 | Tar:6    | Found a huge runed gate.
 98406 | Tar:6    | Found a huge runed gate.
 98406 | Tar:6    | Found a huge runed gate.
 98406 | Tar:6    | Found a huge runed gate.
 98406 | Tar:6    | Found a huge runed gate.
 98406 | Tar:6    | Found a huge runed gate.
 98406 | Tar:6    | Found a huge runed gate.
 98407 | Tar:6    | Found a huge runed gate.
 98408 | Tar:6    | Found a huge runed gate.
 98409 | Tar:6    | Found a huge runed gate.
 98411 | Tar:6    | Found a huge runed gate.
 98455 | Tar:7    | Entered Level 7 of Tartarus
 98565 | Tar:7    | Reached skill level 15 in Earth Magic
100060 | Tar:7    | HP: 8/177 [something (5)]
101659 | Tar:6    | Found a huge runed gate.
101660 | Tar:6    | Found a huge runed gate.
101661 | Tar:6    | Found a huge runed gate.
101662 | Tar:6    | Found a huge runed gate.
101662 | Tar:6    | Found a huge runed gate.
101662 | Tar:6    | Found a huge runed gate.
102385 | Geh:1    | Entered Level 1 of Gehenna
103881 | Geh:7    | Entered Level 7 of Gehenna
104039 | Geh:7    | Reached skill level 10 in Stealth
104819 | Geh:7    | Noticed Asmodeus
104831 | Geh:7    | Killed Asmodeus
104986 | Geh:7    | Learned a level 2 spell: Blink
104998 | Geh:7    | Got a steaming granite ring
104999 | Geh:7    | Identified the ring of Melee {Ice rN++} (You found it on level 7 of Gehenna)
105025 | Geh:7    | Identified the Collected Works on Helpful Conjuration
105042 | Geh:7    | Got an obsidian rune of Zot
105052 | Geh:7    | Got a faintly humming ring mail
105053 | Geh:7    | Identified the +1 ring mail of Gravitas {rF+ Str+7 Stlth+} (You found it on level 7 of Gehenna)
105342 | Hell     | Learned a level 9 spell: Shatter
105470 | Zig:1    | Entered Level 1 of a ziggurat
105494 | Zig:2    | Entered Level 2 of a ziggurat
105558 | Zig:3    | Entered Level 3 of a ziggurat
105775 | Zig:4    | Entered Level 4 of a ziggurat
105775 | Zig:4    | Noticed Uqaewy the pandemonium lord
105781 | Zig:4    | Killed Uqaewy the pandemonium lord
105832 | Zig:5    | Entered Level 5 of a ziggurat
105946 | Zig:6    | Entered Level 6 of a ziggurat
106008 | Zig:7    | Entered Level 7 of a ziggurat
106055 | Zig:7    | Identified the Guide on Ice and Darkness
106080 | Zig:8    | Entered Level 8 of a ziggurat
106428 | Zig:8    | Got a smoking turquoise ring
106433 | Zig:8    | Identified the ring "Vuits" {*Slow rPois Int+7 Stlth-} (You found it on level 8 of a ziggurat)
106473 | Zig:9    | Entered Level 9 of a ziggurat
106508 | Zig:9    | Identified the Guide on Torrid Poisoning
106519 | Zig:9    | Learned a level 6 spell: Bolt of Fire
106525 | Zig:9    | Got steaming gold dragon scales
106526 | Zig:9    | Identified the +3 gold dragon scales of Birdsong {rPois rF+ rC+ Str+5} (You found it on level 9 of a ziggurat)
106558 | Zig:10   | Entered Level 10 of a ziggurat
106628 | Zig:10   | Got a dazzling large shield
106629 | Zig:10   | Identified the +6 large shield of the Beginning {+Fly rF+ Slay+2} (You found it on level 10 of a ziggurat)
106669 | Zig:11   | Entered Level 11 of a ziggurat
106704 | Zig:11   | Found the +10 dark maul {crush}
106756 | Zig:12   | Entered Level 12 of a ziggurat
106842 | Zig:13   | Entered Level 13 of a ziggurat
106905 | Zig:13   | Got a brightly glowing robe
106906 | Zig:13   | Identified the +4 robe of Danliw {rC+} (You found it on level 13 of a ziggurat)
106916 | Zig:13   | Got a pair of twisted gloves
106917 | Zig:13   | Identified the +2 pair of gloves of Lazaymuh {rF+} (You found it on level 13 of a ziggurat)
106936 | Zig:13   | Got a glittering silver ring
106937 | Zig:13   | Identified the ring "Maumn" {rF+ rC++ EV+3 Int-5} (You acquired it on level 13 of a ziggurat)
106978 | Zig:13   | Got crude fire dragon scales
106979 | Zig:13   | Identified the +3 fire dragon scales "Vaeh" {+Inv rElec rF++ rC-} (You found it on level 13 of a ziggurat)
106999 | Zig:14   | Entered Level 14 of a ziggurat
107020 | Zig:14   | Noticed an ancient lich
107023 | Zig:14   | Noticed an ancient lich
107027 | Zig:14   | Killed an ancient lich
107027 | Zig:14   | Reached skill level 27 in Earth Magic
107027 | Zig:14   | Killed an ancient lich
107167 | Zig:14   | Identified a +1 pair of boots of running (You found it on level 14 of a ziggurat)
107186 | Zig:14   | Got a twitching brass ring
107188 | Zig:14   | Identified the cursed ring "Bimeasm" {Str-3 Dex+2} (You found it on level 14 of a ziggurat)
107210 | Zig:15   | Entered Level 15 of a ziggurat
107437 | Zig:16   | Entered Level 16 of a ziggurat
107450 | Zig:16   | Noticed an ancient lich
107450 | Zig:16   | Noticed an ancient lich
107455 | Zig:16   | Killed an ancient lich
107455 | Zig:16   | Reached skill level 15 in Stealth
107455 | Zig:16   | Reached skill level 15 in Evocations
107457 | Zig:16   | Killed an ancient lich
107512 | Zig:16   | Got a faintly humming robe
107515 | Zig:16   | Identified the cursed +1 robe "Gaerr" {rPois rC+ MP-9} (You found it on level 16 of a ziggurat)
107529 | Zig:16   | Identified the Tome of Intoxication and the Voyage
107595 | Zig:17   | Entered Level 17 of a ziggurat
107701 | Zig:17   | Got twisted ice dragon scales
107702 | Zig:17   | Identified the +7 ice dragon scales "Arageq" {rElec rF- rC++ MR+} (You found it on level 17 of a ziggurat)
107731 | Zig:18   | Entered Level 18 of a ziggurat
107768 | Zig:18   | Noticed an ancient lich
107770 | Zig:18   | Noticed an ancient lich
107771 | Zig:18   | Noticed an ancient lich
107771 | Zig:18   | Killed an ancient lich
107771 | Zig:18   | Killed an ancient lich
107774 | Zig:18   | Killed an ancient lich
107864 | Zig:18   | Identified the Handbook of the Moth
107870 | Zig:19   | Entered Level 19 of a ziggurat
107885 | Zig:19   | Noticed Ycoyjuud the pandemonium lord
107886 | Zig:19   | Noticed Leowynabbo the pandemonium lord
107887 | Zig:19   | Noticed Bodeloh the pandemonium lord
107887 | Zig:19   | Noticed Ifiacampei the pandemonium lord
107887 | Zig:19   | Noticed Plog the pandemonium lord
107887 | Zig:19   | Noticed Hayzesiogg the pandemonium lord
107890 | Zig:19   | Noticed Vyb Bukky the pandemonium lord
107891 | Zig:19   | Killed Plog the pandemonium lord
107891 | Zig:19   | Killed Bodeloh the pandemonium lord
107892 | Zig:19   | Noticed Voisaf the pandemonium lord
107892 | Zig:19   | Killed Leowynabbo the pandemonium lord
107892 | Zig:19   | Killed Ifiacampei the pandemonium lord
107895 | Zig:19   | Killed Voisaf the pandemonium lord
107895 | Zig:19   | Killed Hayzesiogg the pandemonium lord
107896 | Zig:19   | Killed Vyb Bukky the pandemonium lord
107901 | Zig:19   | Killed Ycoyjuud the pandemonium lord
108161 | Zig:19   | Identified the Reference Book on Feathers and the Glacier
108171 | Zig:19   | Got a fine lead ring
108172 | Zig:19   | Identified the ring of the Lizard {*Corrode +Fly rC+ MR+} (You found it on level 19 of a ziggurat)
108177 | Zig:19   | Identified the Handbook of Ice
108275 | Zig:20   | Entered Level 20 of a ziggurat
108432 | Zig:21   | Entered Level 21 of a ziggurat
108547 | Zig:21   | Learned a level 3 spell: Regeneration
108565 | Zig:21   | Identified the Papyrus of Sinister Augmentations
108621 | Zig:22   | Entered Level 22 of a ziggurat
108759 | Zig:22   | Got a smoking brass ring
108760 | Zig:22   | Identified the ring "Eshot" {rC+ MP+9 EV+2 Dex+3} (You found it on level 22 of a ziggurat)
108801 | Zig:22   | Identified the Volume of Mutagenic Stones
108938 | Zig:23   | Entered Level 23 of a ziggurat
108965 | Zig:23   | Reached skill level 10 in Armour
108980 | Zig:23   | Found the ring of Robustness {AC+8}
109026 | Zig:23   | Got a translucent marble ring
109027 | Zig:23   | Identified the ring of Narghadev {rCorr rC+} (You found it on level 23 of a ziggurat)
109087 | Zig:24   | Entered Level 24 of a ziggurat
109119 | Zig:24   | Reached skill level 10 in Necromancy
109123 | Zig:24   | Reached skill level 10 in Shields
109132 | Zig:24   | Found the +9 heavy crossbow "Sniper" {velocity, Acc+∞ SInv}
109189 | Zig:24   | Got a crude wooden ring
109190 | Zig:24   | Identified the ring of Sedotis {MP+9 SInv Stlth+} (You found it on level 24 of a ziggurat)
109206 | Zig:25   | Entered Level 25 of a ziggurat
109633 | Zig:25   | Identified the Guide on Shifting Contamination
109673 | Zig:25   | Identified Peddesy's Catalogue of Aid and Ice
109706 | Zig:26   | Entered Level 26 of a ziggurat
109938 | Zig:26   | Got a serpentine tin amulet
109939 | Zig:26   | Identified the amulet of the Heavens {RegenMP rPois rF+ SInv} (You found it on level 26 of a ziggurat)
109946 | Zig:26   | Identified the Compendium of the Rocks and Curses
109965 | Zig:26   | Got a coiled jade amulet
109966 | Zig:26   | Identified the amulet of Hoadof {Harm *Drain *Slow Str+3 Dex+4} (You found it on level 26 of a ziggurat)
109992 | Zig:27   | Entered Level 27 of a ziggurat
110018 | Zig:27   | Gained mutation: You are weak. (Str -2) [a neqoxec]
110019 | Zig:27   | Reached skill level 15 in Necromancy
110372 | Zig:27   | Identified the Grimoire of Aerial Enhancements
110376 | Zig:27   | Identified Ukorhilu's Grimoire of Icy Conjuration
110377 | Zig:27   | Identified An Early Guide to the Hermit's Heritage
110404 | Zig:27   | Got a pair of faintly humming boots
110405 | Zig:27   | Identified the +2 pair of boots "Ocecow" {Regen+ MP+9 Str+5} (You found it on level 27 of a ziggurat)
110699 | Zot:5    | Got the Orb of Zot
111255 | D:$      | Escaped with the Orb!

Skill      XL: |  1  2  3  4  5  6  7  8  9 10 11 12 13 14 15 16 17 18 19 20 21 22 23 24 25 26 27 |
---------------+----------------------------------------------------------------------------------+-----
Conjurations   | 2 4 5 6 8 10 12 13 14 15 16 18 19 20 21 22 23 24 25 | 25.3
Fire Magic     | 4 5 6 7 8 9 10 11 12 13 14 15 16 17 18 | 18.1
Dodging        | 3 4 6 8 9 10 11 12 13 14 15 16 17 18 22 | 22.7
Spellcasting   | 4 5 6 7 9 11 13 15 17 19 21 22 23 25 26 27 | 27.0
Staves         | 2 12 | 12.0
Translocations | 2 3 5 6 7 |  7.7
Fighting       | 1 5 7 9 10 11 12 13 15 20 | 20.7
Shields        | 2 4 5 6 7 12 | 12.1
Earth Magic    | 1 4 5 7 8 10 27 | 27.0
Necromancy     | 3 5 6 17 | 17.0
Charms         | 4 7 9 11 12 13 | 13.2
Air Magic      | 3 4 |  4.0
Ice Magic      | 3 5 7 8 10 11 15 27 | 27.0
Evocations     | 3 5 7 9 10 18 | 18.5
Stealth        | 3 4 5 17 | 17.0
Armour         | 3 4 6 7 11 | 11.5
Long Blades    | |  0.2

Action                   |  1- 3 |  4- 6 |  7- 9 | 10-12 | 13-15 | 16-18 | 19-21 | 22-24 | 25-27 || total
-------------------------+-------+-------+-------+-------+-------+-------+-------+-------+-------++-------
Melee: Unarmed           |     2 |    13 |       |       |       |       |       |       |       ||    15
       Quarterstaff      |       |       |    10 |     3 |     6 |       |       |       |       ||    19
       Staff             |       |       |       |       |    11 |    32 |     1 |       |       ||    44
       Long sword        |       |       |       |       |     6 |       |       |       |       ||     6
       Falchion          |       |       |       |       |       |       |    22 |    96 |   362 ||   480
       Peck              |       |       |       |       |       |       |       |       |   147 ||   147
       Headbutt          |       |       |       |       |       |       |       |       |   139 ||   139
 Cast: Flame Tongue      |    76 |    71 |   291 |   291 |   660 |   269 |    54 |   107 |    36 ||  1855
       Sticky Flame      |       |     7 |    41 |    55 |   226 |   123 |    41 |    97 |    93 ||   683
       Shock             |       |       |     8 |     5 |    20 |     9 |       |       |       ||    42
       Conjure Flame     |       |       |     1 |     1 |     4 |       |       |       |       ||     6
       Fireball          |       |       |       |    86 |   205 |   210 |   357 |   163 |   231 ||  1252
       Apportation       |       |       |       |     1 |       |       |       |       |       ||     1
       Iron Shot         |       |       |       |       |    66 |   308 |   184 |   512 |  1354 ||  2424
       Iskenderun's Batt |       |       |       |       |     1 |     8 |    12 |    17 |    37 ||    75
       Ignition          |       |       |       |       |       |     3 |    58 |    45 |   247 ||   353
       Sublimation of Bl |       |       |       |       |       |     3 |    18 |    14 |    18 ||    53
       Freezing Cloud    |       |       |       |       |       |       |     1 |     3 |     1 ||     5
       Deflect Missiles  |       |       |       |       |       |       |       |     2 |    10 ||    12
       Glaciate          |       |       |       |       |       |       |       |       |   126 ||   126
       Shatter           |       |       |       |       |       |       |       |       |    46 ||    46
       Blink             |       |       |       |       |       |       |       |       |     1 ||     1
Evoke: Wand              |       |       |       |       |       |       |     1 |     3 |     6 ||    10
       Sack of spiders   |       |       |       |       |       |       |       |     2 |       ||     2
       Phantom mirror    |       |       |       |       |       |       |       |     1 |       ||     1
       Lamp of fire      |       |       |       |       |       |       |       |       |     9 ||     9
       Phial of floods   |       |       |       |       |       |       |       |       |     1 ||     1
  Use: Scroll            |       |       |       |       |    32 |    11 |     6 |    14 |    44 ||   107
       Potion            |       |       |       |       |    13 |     1 |     1 |     7 |    40 ||    62
 Stab: Sleeping          |     1 |       |       |       |       |       |       |       |     1 ||     2
  Eat: Chunk             |     3 |     5 |    26 |    34 |    45 |    33 |    35 |    19 |    28 ||   228
       Ration            |       |     1 |     1 |       |     2 |     4 |     5 |    10 |    31 ||    54
Armor: Robe              |     5 |    10 |    32 |    35 |    45 |   116 |    29 |     6 |       ||   278
       Animal skin       |       |       |       |       |    94 |       |       |       |       ||    94
       Skin              |       |       |       |       |       |     6 |     6 |       |       ||    12
       Acid dragon scale |       |       |       |       |       |       |       |   145 |   698 ||   843
Dodge: Dodged            |    18 |    22 |   119 |   108 |   463 |   341 |   164 |   376 |  1832 ||  3443
       Deflected         |       |       |       |       |       |       |     3 |    38 |   124 ||   165
Block: Buckler           |       |       |       |       |    35 |   137 |    55 |   108 |   806 ||  1141
       Rpst.: Long sword |       |       |       |       |     6 |       |       |       |       ||     6
       Falchion          |       |       |       |       |       |       |    16 |    60 |   383 ||   459
